 Dungeon Crawl Stone Soup version 0.25.1-2-g60ff931df9 (webtiles) character file.

Game seed: 7214512697140626209

585 Talorius the Chopper (level 7, -7/60 HPs)
             Began as a Hill Orc Fighter on Nov 21, 2020.
             Mangled by an orc priest
             ... wielding a +0 flail
              (8 damage)
             ... on level 4 of the Dungeon.
             The game lasted 00:10:42 (4356 turns).

Talorius the Chopper (Hill Orc Fighter)             Turns: 4356, Time: 00:10:43

Health: -7/60      AC:  6    Str: 20 (21) XL:     7   Next: 37%
Magic:  7/7        EV:  8    Int:  7 (8)  God:
Gold:   124        SH:  9    Dex:  9 (10) Spells: 6/6 levels left

rFire    . . .     SeeInvis .   g - +0 hand axe
rCold    + . .     Gourm    .   c - +0 kite shield
rNeg     . . .     Faith    .   b - +0 scale mail
rPois    +         Spirit   .   o - +1 helmet
rElec    .         Reflect  .   (no cloak)
rCorr    .         Harm     .   (no gloves)
MR       .....                  (no boots)
Stlth    ..........             (no amulet)
HPRegen  0.20/turn              r - ring of protection from cold
MPRegen  0.10/turn              i - ring of poison resistance

@: no status effects
A: deformed body, mutation resistance 1, subdued magic 1
a: Convert to Beogh


You were on level 4 of the Dungeon.
You were hungry.

You visited 1 branch of the dungeon, and saw 5 of its levels.

You collected 124 gold pieces.

Inventory:

Hand Weapons
 g - a +0 hand axe (weapon)
Armour
 b - a +0 scale mail (worn)
 c - a +0 kite shield (worn)
 o - a +1 helmet (worn)
 s - a +0 helmet
Jewellery
 h - an uncursed ring of fire
 i - a ring of poison resistance (right hand)
 r - a ring of protection from cold (left hand)
Wands
 m - a wand of paralysis (6)
Scrolls
 e - 2 scrolls of identify
 n - a scroll of remove curse
 p - 3 scrolls of teleportation
 u - a scroll of magic mapping
Potions
 d - 2 potions of flight
 k - a potion of haste
Comestibles
 f - 12 rations


   Skills:
 + Level 4.7 Fighting
 + Level 7.2 Axes
 + Level 5.0 Armour
 + Level 1.4 Dodging
 + Level 0.2 Stealth
 + Level 4.5 Shields


You had 6 spell levels left.
You didn't know any spells.
Your spell library contained the following spells:

 Spells                   Type           Power        Failure   Level  Hunger
 Irradiate                Conj/Tmut      #.........   100%        5    ######.
 Hydra Form               Tmut           #.........   100%        6    #######
 Statue Form              Tmut/Erth      #........    100%        6    #######
 Dragon Form              Tmut           #.........   100%        7    #######


Dungeon Overview and Level Annotations

Branches:
Dungeon (5/15)
 Temple: D:4-7

Altars:
Cheibriados
Dithmenos
Qazlal
Uskayaw
Vehumet
Xom

Annotations:
D:5 Grinder


Innate Abilities, Weirdness & Mutations

Armour fits poorly on your strangely shaped body.
You are somewhat resistant to further mutation.
Your spells are a little easier to cast, but a little less powerful.


Message History

You struggle to resist.
You block the orc wizard's attack.
You climb upwards.
You block the phantom's attack.
The phantom blinks!
There is a stone staircase leading down, spattered with blood here.
The orc priest shouts, "Beogh is our master!
Accept the truth or die!"
You hit the orc priest.
The orc priest is heavily wounded.
You barely miss the phantom. You closely miss the orc wizard.
The orc priest barely misses you.
The orc wizard hits you with a +0 dagger.
* * * LOW HITPOINT WARNING * * *
The phantom barely misses you.
You hit the orc priest but do no damage.
The orc priest is heavily wounded.
You hit the orc wizard. You hit the phantom. You block the orc priest's attack.
The orc wizard points at you and mumbles some strange words.
The puff of flame hits you!
* * * LOW HITPOINT WARNING * * *
The phantom hits you but does no damage.
The orc priest hits you with a +0 flail!
You die...

#...8.8.8...........#.......
#...........##...########...
#...##......##...####..###'#
#...##########....#.........
#.....^...........#.........
#.................+...<.....
#...........##...##....#####
#...........##...÷.....#
#.........o@.#[.≈≈≈....#
#...##....o.##..≈!≈....#
#...##...W).##..≈≈≈....#
#....#.................#
#....#.......<....#....#
#....#............#....#
########################


You could see a phantom, an orc priest and an orc wizard.

Vanquished Creatures
  An ogre (D:4)
  2 howler monkeys
  A jelly (D:5)
  A hound (D:4)
  A bullfrog skeleton (D:4)
  2 worker ants (D:4)
  Natasha (thrice) (D:2)
  2 hound skeletons
  3 gnolls (D:3)
  4 adders
  An ooze (D:3)
  2 adder skeletons (D:4)
  3 worms
  2 dart slugs
  3 leopard geckos
  5 orcs
  6 bats
  7 giant cockroaches
  6 goblins
  12 hobgoblins
  14 jackals
  3 quokkas
  3 ball pythons
  2 frilled lizards
  4 kobolds
  10 rats
103 creatures vanquished.

Notes
Turn   | Place    | Note
-------+----------+-------------------------------------------
     0 | D:1      | Talorius the Hill Orc Fighter began the quest for the Orb.
     0 | D:1      | Reached XP level 1. HP: 19/19 MP: 1/1
   194 | D:1      | Reached XP level 2. HP: 16/27 MP: 2/2
   539 | D:1      | Reached skill level 3 in Axes
   617 | D:1      | Reached XP level 3. HP: 33/33 MP: 3/3
   995 | D:2      | Noticed Natasha
  1006 | D:2      | Killed Natasha
  1317 | D:2      | Noticed Natasha
  1324 | D:2      | Killed Natasha
  1324 | D:2      | Reached skill level 4 in Axes
  1324 | D:2      | Reached XP level 4. HP: 25/40 MP: 4/4
  1624 | D:2      | Noticed Natasha
  1648 | D:2      | Killed Natasha
  1973 | D:2      | Reached XP level 5. HP: 46/46 MP: 5/5
  2057 | D:3      | Reached skill level 5 in Axes
  2386 | D:3      | Found a shadowy altar of Dithmenos.
  2529 | D:3      | Paralysed by a gnoll for 3 turns
  2539 | D:3      | Reached skill level 1 in Dodging
  2812 | D:3      | Found a shimmering altar of Xom.
  2915 | D:3      | Found a radiant altar of Vehumet.
  3042 | D:4      | Reached XP level 6. HP: 41/52 MP: 6/6
  3131 | D:4      | Found a stormy altar of Qazlal.
  3286 | D:4      | Reached skill level 6 in Axes
  3470 | D:4      | Found a hide-covered altar of Uskayaw.
  3495 | D:4      | Reached skill level 7 in Axes
  3495 | D:4      | Reached XP level 7. HP: 46/60 MP: 7/7
  3575 | D:4      | Found a snail-covered altar of Cheibriados.
  3887 | D:5      | Entered Level 5 of the Dungeon
  3893 | D:5      | Noticed Grinder
  3894 | D:5      | Paralysed by Grinder for 3 turns
  3912 | D:5      | Reached skill level 5 in Armour
  4052 | D:5      | Paralysed by Grinder for 7 turns
  4281 | D:4      | Gained mutation: Your spells are a little easier to cast,
                  | but a little less powerful. [potion of mutation]
  4281 | D:4      | Gained mutation: Armour fits poorly on your strangely
                  | shaped body. [potion of mutation]
  4281 | D:4      | Gained mutation: You are somewhat resistant to further
                  | mutation. [potion of mutation]
  4355 | D:4      | HP: 1/60 [orc wizard/puff of flame (11)]
  4356 | D:4      | Mangled by an orc priest

Illustrated notes

Levels and vault maps discovered:
D:1:      minmay_arrival_four_houses, layout_loops_cross, minmay_split_cup_small
D:2:      layout_loops_ring, uniq_natasha
D:3:      layout_rooms, marbit_many_paths, tgw_xom, first_ration,
          nicolae_dithmenos_shadow_blocks
D:4:      layout_gridville, grunt_qazlal_sundering,
          eat_drink_and_be_merry_uskayaw, grunt_decor_clamped,
          corexii_item_surrounded_by_moat, minmay_ruined_shrine
D:5:      layout_rooms, serial_shops, nicolae_shop_crystal, basic_altar,
          minmay_pentangle, uniq_grinder

Skill      XL: |  1  2  3  4  5  6  7 |
---------------+----------------------+-----
Axes           | 3 4 5 7 |  7.2
Armour         | 4 5 |  5.0
Fighting       | 4 |  4.7
Dodging        | 1 |  1.4
Shields        | 4 |  4.5
Stealth        | |  0.2

Action                   |  1- 3 |  4- 6 |  7- 9 || total
-------------------------+-------+-------+-------++-------
Melee: War axe           |    74 |   205 |    42 ||   321
       Hand axe          |       |       |     9 ||     9
  Use: Potion            |     1 |     1 |     7 ||     9
       Scroll            |       |    11 |       ||    11
  Eat: Chunk             |     1 |     8 |     2 ||    11
Armor: Scale mail        |    30 |   113 |    19 ||   162
Dodge: Dodged            |    18 |    76 |    17 ||   111
Block: Kite shield       |    34 |   114 |    31 ||   179
